cohdb
Replays
Latest Replays
All Replays
Popular Replays
Top Player Replays
Match Explorer
How It Works
Community
CoH3 Stats
Reddit
Sign in to upload your games and track your stats! →
Sign in with Steam
Match 41021269
Unlisted
Match 41021269
Overview
Messages
Build Orders
End
Kradschützen Motorcycle Team
Panzerpioneer Squad
250 Light Carrier
Construct Light Support Kompanie
Construct Light Support Kompanie
MG34 Team
Combat Half-tracks
Panzerpioneer Squad
Fire Support Elements
Pak 38 Mechanized Group
2.5-tonne Medical Truck
Construct Panzerarmee Kommand
Vehicle Survival Package
Tungsten Core Ammunition
Rapid Advance
Panzer III L Medium Tank
Emergency Repair Kits
Selects Armored Support Battlegroup
Selects Salvage Kits
Selects Superior Fire Drills
Panzer III L Medium Tank
Armored Reserves
Advanced Optics
Advanced Field Repairs
Selects Panzer Storm
Panzerpioneer Squad
Tiger Heavy Tank
Panzer III L Medium Tank
Selects Flammpanzer III Medium Tank
Selects Stuka Dive Bomb
2.5-tonne Medical Truck
Panzer III L Medium Tank
Selects Flammpanzer III Medium Tank
Selects Battlefield Salvage
Stuka Dive Bomb
Lord Admiral Pickwick
MZMZ
[PBSr]Confident Pwoh
jerjawe
WHO IS YOUR DADDY?
Icefire
hazee^^
Mila!
0
0
Comments
sign in to comment!
No comments posted yet!